 Dungeon Crawl Stone Soup version 0.32-a0-699-g1ee5eff69a (webtiles) character file.

Game seed: 11141163238067149383

653 LobsterGuardian the Cutter (level 7, 16/56 HPs)
             Began as a Barachi Berserker on Mar 10, 2024.
             Was a Believer of Trog.
             Quit the game on level 4 of the Dungeon on Mar 14, 2024.
             The game lasted 00:04:49 (2549 turns).

LobsterGuardian the Cutter (Barachi Berserker)      Turns: 2549, Time: 00:04:49

Health: 16/56      AC:  2    Str: 24    XL:     7   Next: 54%
Magic:  7/7        EV: 12    Int:  7    God:    Trog [**....]
Gold:   155        SH:  0    Dex: 14    Spells: 6/6 levels left

rFire   + . .        d - +1 short sword (flame)
rCold   x . .        (no shield)
rNeg    . . .        b - +0 animal skin
rPois   .            (no helmet)
rElec   .            (no cloak)
rCorr   .            (no gloves)
SInv    .            (no boots)
Will    .....        (no amulet)
Stlth   ++           i - ring of fire
HPRegen 0.29/turn    n - +6 ring of strength
MPRegen 0.10/turn

%: no passive effects
@: on berserk cooldown, slowed, very slow
A: amphibious, slowness 1, strong legs 1, +LOS
a: Hop, Renounce Religion, Berserk, Trog's Hand


You were on level 4 of the Dungeon.
You worshipped Trog.
Trog was pleased with you.
You visited 1 branch of the dungeon, and saw 5 of its levels.

You collected 155 gold pieces.

Inventory:

Hand Weapons
 a - a +0 short sword
 d - a +1 short sword of flaming (weapon)
Armour
 b - a +0 animal skin (worn)
Jewellery
 i - a ring of fire (left hand)
 n - a +6 ring of strength (right hand)
Wands
 g - a wand of flame (14)
 r - a wand of roots (9)
Scrolls
 c - 4 scrolls of identify {unknown}
 e - a scroll of noise {unknown}
 f - a scroll of fear
 h - a scroll of teleportation {unknown}
 j - 2 scrolls of blinking {unknown}
 k - a scroll of amnesia {unknown}
 s - a scroll of summoning {unknown}
Potions
 l - a potion of lignification
 m - a potion of curing {unknown}
 o - a potion of heal wounds
 p - a potion of mutation {unknown}
 q - a potion of magic {unknown}


   Skills:
 + Level 5.5 Fighting
 * Level 7.2 Short Blades
 + Level 3.0 Armour
 + Level 4.1 Dodging
 + Level 1.5 Stealth


You had 6 spell levels left.
You didn't know any spells.
Your spell library was empty.

Dungeon Overview and Level Annotations

Branches:
Dungeon (5/15)
 Temple: D:4-7

Altars:
Xom


Innate Abilities, Weirdness & Mutations

You are amphibious.
You cover ground slowly.
You can hop short distances.
You have an extended range of vision and can be seen from far away.


Message History

You hit the orc. You burn the orc.
You kill the orc!
Trog accepts your kill.
You puncture the orc! You burn the orc.
You feel the power of Trog in you as your rage grows.
You kill the orc!
Trog accepts your kill. The orc closely misses you.
The orc hits you from afar with a +0 scythe.
* * * LOW HITPOINT WARNING * * *
The orc barely misses you.
Things that are here:
a +0 scythe; a +0 robe You puncture the orc!
You burn the orc.
You kill the orc!
Trog accepts your kill. The orc completely misses you.
The orc barely misses you.
You puncture the orc! You burn the orc.
You kill the orc!
Trog accepts your kill. The orc misses you.
Things that are here:
a +0 scythe; a +0 robe You closely miss the orc.
You barely miss the orc. The orc closely misses you.
You closely miss the orc. You puncture the orc! You burn the orc.
You feel the power of Trog in you as your rage grows.
You kill the orc!
Trog accepts your kill.
Things that are here:
a +0 scythe; a +0 robe; an orc corpse You feel a strong urge to attack something.
Things that are here:
a +0 scythe; a +0 robe
There is an open door, spattered with blood here.
You feel your anger nearly subside.
You are no longer berserk.
You are exhausted.
You feel yourself slow down.
Are you sure you want to abandon this character and quit the game? (Confirm with "yes".)

..............+............###
..............#.......#..###
..............#......############
..............#......#........#..
..#####.......#......#........##'
..#...#.......#......#...........
..#...'.......'......'...........
..#...#.......#......#...........
..+...#.......#.@....#.........(.
..#...#.......######.#...........
..#...######.......#'####........
..#...##...#.......#....#.....###
..#........#.......#....#.....#..
..#........#.......#....#.....#..
..#........#.......#....#.....#..
..#........#.......#....#.>...#..
..###'####.#.......##...#.....#..


There were no monsters in sight!

Vanquished Creatures
  2 black bears (D:5)
  A phantom (D:5)
  A scorpion (D:5)
  2 bombardier beetles
  2 jellies
  A hound (D:5)
  2 iguanas (D:5)
  5 gnolls
  3 adders
  A dart slug (D:1)
  A ribbon worm (D:2)
  13 orcs
  4 endoplasms
  5 goblins
  7 hobgoblins
  2 ball pythons
  2 bats
  2 frilled lizards
  3 kobolds
  7 rats
66 creatures vanquished.

Notes
Turn   | Place    | Note
-------+----------+-------------------------------------------
     0 | D:1      | LobsterGuardian the Barachi Berserker began the quest for
                  | the Orb.
     0 | D:1      | Reached XP level 1. HP: 18/18 MP: 1/1
   198 | D:1      | Reached XP level 2. HP: 22/25 MP: 2/2
   286 | D:1      | Upgraded the game from 0.32-a0-673-g3729bd50f8 to
                  | 0.32-a0-699-g1ee5eff69a
   556 | D:2      | Reached XP level 3. HP: 26/30 MP: 3/3
   559 | D:2      | Reached ** piety under Trog
   561 | D:2      | Reached skill level 4 in Short Blades
  1003 | D:4      | Reached XP level 4. HP: 23/38 MP: 4/4
  1379 | D:5      | Entered Level 5 of the Dungeon
  1380 | D:5      | Noticed a black bear
  1386 | D:5      | Killed a black bear
  1387 | D:5      | Reached skill level 5 in Short Blades
  1387 | D:5      | Reached XP level 5. HP: 43/43 MP: 5/5
  1421 | D:5      | Reached skill level 5 in Fighting
  1421 | D:5      | Reached XP level 6. HP: 40/51 MP: 6/6
  1539 | D:5      | Reached skill level 6 in Short Blades
  1539 | D:5      | Reached skill level 1 in Stealth
  1877 | D:5      | Found a shimmering altar of Xom.
  1897 | D:5      | Reached XP level 7. HP: 15/56 MP: 7/7
  2061 | D:5      | Reached skill level 7 in Short Blades
  2549 | D:4      | Quit the game

Illustrated notes

Levels and vault maps discovered:
D:1:      giann_wishing_wells, layout_basic, kennysheep_nondescript,
          minmay_liquid_box
D:2:      layout_rooms, kennysheep_cross_room, hangedman_decor_points
D:3:      minmay_wonky_spiral, layout_basic, serial_park_tiny_2
D:4:      minmay_razor_zed, layout_gridville, sigmund_army
D:5:      layout_loops_ring, old_standard_altar

Skill      XL: |  1  2  3  4  5  6  7 |
---------------+----------------------+-----
Fighting       | 4 5 |  5.5
Short Blades   | 4 5 6 7 |  7.2
Dodging        | 3 4 |  4.1
Armour         | 3 |  3.0
Stealth        | 1 |  1.5

Action                     |  1- 3 |  4- 6 |  7- 9 || total
---------------------------+-------+-------+-------++-------
  Melee: Short sword       |    82 |    77 |    57 ||   216
 Invoke: Berserk           |       |     4 |     2 ||     6
    Use: Scroll            |     1 |       |       ||     1
         Potion            |       |     4 |       ||     4
   Stab: Invisible         |       |     1 |       ||     1
 Armour: Animal skin       |    37 |    35 |    28 ||   100
         Skin              |       |     8 |       ||     8
  Dodge: Dodged            |    47 |    33 |    37 ||   117

Table legend: (Time is in decaauts)
 A = Elapsed time spent in this place.
 B = Non-inter-level travel time spent in this place.
 C = Inter-level travel time spent in this place.
 D = Time resting spent in this place.
 E = Time spent auto-exploring this place.
 F = Levels seen in this place.
 G = Mean time per level.
                   A        B        C        D        E       F      G
               +--------+--------+--------+--------+--------+-----+--------+
         Total |   2802 |   2641 |    161 |      0 |   2211 |   5 |  560.4 |
       Dungeon |   2802 |   2641 |    161 |      0 |   2211 |   5 |  560.4 |
               +--------+--------+--------+--------+--------+-----+--------+

Top non-repeatable levels by time:
     D:5: 863 daAuts
     D:4: 830 daAuts
     D:1: 620 daAuts
     D:2: 447 daAuts
     D:3: 41 daAuts
